 Dungeon Crawl Stone Soup version 0.26.1-11-gd32895ea62 (webtiles) character file.

Game seed: 10895653850820624367

1150 Zeld the Cleaver (level 8, 17/68 HPs)
             Began as a Deep Dwarf Fighter on June 3, 2021.
             Quit the game on level 5 of the Dungeon.
             The game lasted 00:03:23 (2166 turns).

Zeld the Cleaver (Deep Dwarf Fighter)               Turns: 2166, Time: 00:03:23

Health: 17/68      AC:  6    Str: 23    XL:     8   Next: 15%
Magic:  0/0        EV:  7    Int:  8    God:
Gold:   99         SH:  9    Dex: 12    Spells: 7/7 levels left

rFire    . . .     SeeInvis .   a - +0 war axe
rCold    . . .     Faith    .   c - +0 kite shield
rNeg     . . .     Spirit   .   b - +0 scale mail
rPois    .         Reflect  .   (no helmet)
rElec    .         Harm     .   (no cloak)
rCorr    .         Rampage  .   (no gloves)
Will     +....                  (no boots)
Stlth    ..........             (no amulet)
HPRegen  0.00/turn              (no ring)
MPRegen  0.07/turn              (no ring)

@: non-regenerating
A: damage resistance, heal wounds, sense surroundings 1, no regeneration
a: Heal Wounds


You were on level 5 of the Dungeon.
You visited 1 branch of the dungeon, and saw 5 of its levels.
You also visited: Sewer.

You collected 99 gold pieces.

Inventory:

Hand Weapons
 a - a +0 war axe (weapon)
Armour
 b - a +0 scale mail (worn)
 c - a +0 kite shield (worn)
Jewellery
 h - an uncursed amulet of regeneration {unknown}
 n - a +4 ring of slaying {unknown}
Wands
 p - a wand of paralysis (4)
Scrolls
 e - 5 scrolls of identify {unknown}
 f - a scroll of random uselessness {unknown}
 i - 3 scrolls of enchant armour {unknown}
 k - 2 scrolls of teleportation {unknown}
 o - a scroll of fear {unknown}
Potions
 d - 2 potions of might
 g - a potion of heal wounds {unknown}
 j - 2 potions of magic {unknown}
 l - 3 potions of curing {unknown}
 m - 2 potions of brilliance {unknown}
 q - 2 potions of flight {unknown}


   Skills:
 - Level 2.6 Fighting
 * Level 10.7 Axes
 - Level 3.2 Armour
 - Level 3.2 Shields


You had 7 spell levels left.
You didn't know any spells.
Your spell library was empty.

Dungeon Overview and Level Annotations

Branches:
Dungeon (5/15)              Sewer (visited)
 Temple: D:4-7

Altars:
Elyvilon
Yredelemnul


Innate Abilities, Weirdness & Mutations

You are resistant to damage.
You can heal yourself by infusing magical energy.
You passively map a small area around you.
You do not regenerate.


Message History

You are too injured to fight recklessly!
The sky beast flickers out of sight!
Deactivating autopickup; reactivate with Ctrl-A.
You closely miss something.
A sky beast appears from thin air!
Reactivating autopickup.
The sky beast hits you but does no damage.
You slash the sky beast!
The sky beast is severely wounded.
The sky beast hits you.
* * * LOW HITPOINT WARNING * * *
The sky beast shocks you.
* * * LOW HITPOINT WARNING * * *
You barely miss the sky beast.
The sky beast is severely wounded.
The sky beast hits you but does no damage.
You hit the sky beast.
The sky beast is severely wounded.
The sky beast hits you but does no damage.
The sky beast barely misses you.
Are you sure you want to abandon this character and quit the game? (Confirm with "yes".)

#...# #...#### ..#
###...####...##., ..
##≈....###....#.# *.
##≈≈....#.......# ,
###≈≈#..........# *
#≈≈#....#####.##
#≈≈#...#### *#.######..#
#≈≈##.....####.......$..
##≈≈.####.@Y..#.######..#
#.≈≈≈†≈≈≈......##
#≈.≈≈≈≈≈≈≈...#.##
#..≈#####≈≈##.#.# #####
######### ####


You could see a sky beast.

Vanquished Creatures
  Grinder (D:4)
  Menkaure (D:5)
  Duvessa (D:5)
  Purgy (Sewer)
  An ogre (D:4)
  A centaur (D:5)
  A bullfrog (D:5)
  Dowan (D:5)
  A bullfrog zombie (D:5)
  2 hounds (D:4)
  A jelly (D:5)
  Terence (D:2)
  2 orc wizards (D:4)
  2 worker ants (D:4)
  4 adders
  A shadow imp (D:5)
  5 worms
  A dart slug (D:5)
  5 leopard geckos
  3 orcs
  4 ball pythons
  6 bats
  4 hobgoblins
  7 jackals
  A quokka (D:4)
  6 frilled lizards
  4 goblins
  3 kobolds
  A quokka skeleton (D:4)
  2 rats (D:2)
74 creatures vanquished.

Notes
Turn   | Place    | Note
-------+----------+-------------------------------------------
     0 | D:1      | Zeld the Deep Dwarf Fighter began the quest for the Orb.
     0 | D:1      | Reached XP level 1. HP: 20/20 MP: 1/1
   130 | D:2      | Found a white marble altar of Elyvilon.
   150 | D:2      | Reached skill level 3 in Axes
   173 | D:2      | Reached XP level 2. HP: 20/27 MP: 2/2
   313 | D:2      | Noticed Terence
   326 | D:2      | Killed Terence
   327 | D:2      | Reached skill level 4 in Axes
   327 | D:2      | Reached XP level 3. HP: 18/33 MP: 2/2
   592 | D:4      | Reached skill level 5 in Axes
   592 | D:4      | Reached XP level 4. HP: 28/40 MP: 3/3
   804 | D:4      | Found a basalt altar of Yredelemnul.
   806 | D:4      | Noticed Grinder
   822 | D:4      | Paralysed by Grinder for 3 turns
   827 | D:4      | Killed Grinder
   828 | D:4      | Reached skill level 7 in Axes
   828 | D:4      | Reached XP level 5. HP: 46/46 MP: 3/3
   828 | D:4      | Reached XP level 6. HP: 55/55 MP: 4/4
  1007 | D:4      | Reached skill level 8 in Axes
  1290 | D:4      | Reached XP level 7. HP: 55/61 MP: 3/3
  1666 | D:5      | Entered Level 5 of the Dungeon
  1707 | D:5      | Noticed Duvessa
  1708 | D:5      | Noticed Dowan
  1733 | D:5      | Killed Duvessa
  1734 | D:5      | Reached skill level 9 in Axes
  1743 | D:5      | Killed Dowan
  1857 | D:5      | Noticed Menkaure
  1868 | D:5      | Killed Menkaure
  1869 | D:5      | Reached skill level 10 in Axes
  1907 | D:5      | Reached XP level 8. HP: 8/68 MP: 1/1
  1914 | D:5      | Found a glowing drain.
  1940 | Sewer    | Entered a sewer
  2019 | Sewer    | Noticed Purgy
  2053 | Sewer    | Killed Purgy
  2166 | D:5      | Quit the game

Illustrated notes

Levels and vault maps discovered:
D:1:      minmay_arrival_four_circles, layout_loops_corners,
          minmay_misc_feat_columns
D:2:      layout_rooms, elyvilon_altar_3, minmay_unequal, uniq_terence
D:3:      layout_loops_corners
D:4:      layout_layer_cave, grunt_ministairs_5, lemuel_altar_in_water,
          uniq_grinder
D:5:      layout_layer_cave, cheibrodos_sewer_entry_bend, uniq_edmund,
          uniq_pikel, uniq_duvessa, uniq_menkaure

Skill      XL: |  1  2  3  4  5  6  7 |
---------------+----------------------+-----
Axes           | 3 4 5 7 8 10 | 10.7
Fighting       | |  2.6
Armour         | |  3.2
Shields        | |  3.2

Action                   |  1- 3 |  4- 6 |  7- 9 || total
-------------------------+-------+-------+-------++-------
Melee: War axe           |    89 |    59 |   123 ||   271
 Abil: Heal Wounds       |     2 |    12 |     7 ||    21
  Use: Potion            |       |       |     1 ||     1
Armor: Scale mail        |    31 |    43 |    52 ||   126
Dodge: Dodged            |    24 |    37 |    44 ||   105
Block: Kite shield       |    41 |    56 |    85 ||   182
